 Dungeon Crawl Stone Soup version 0.27.1 (webtiles) character file.

Game seed: 17612235829861735132

2 nxtlvl the Skirmisher (level 1, -4/22 HPs)
             Began as a Troll Abyssal Knight on Sept 4, 2021.
             Was a Follower of Lugonu.
             Slain by an iguana (7 damage)
             ... on level 1 of the Dungeon.
             The game lasted 00:01:16 (208 turns).

nxtlvl the Skirmisher (Troll Abyssal Knight)         Turns: 208, Time: 00:01:16

Health: -4/22      AC:  4    Str: 19    XL:     1   Next: 33%
Magic:  1/1        EV:  9    Int:  8    God:    Lugonu [*.....]
Gold:   0          SH:  0    Dex:  9    Spells: 0/0 levels left

rFire    . . .     SeeInvis .     - Unarmed
rCold    . . .     Faith    .   (no shield)
rNeg     . . .     Spirit   .   a - +0 robe
rPois    .         Reflect  .   (helmet restricted)
rElec    .         Harm     .   (no cloak)
rCorr    .         Rampage  .   (gloves unavailable)
Will     .....                  (boots unavailable)
Stlth    +.........             (no amulet)
HPRegen  1.07/turn              (no ring)
MPRegen  0.07/turn              (no ring)

@: no status effects
A: large, unfitting armour, claws 3, regeneration 1, shaggy fur 1, tough skin 1
a: Renounce Religion, Depart the Abyss


You were on level 1 of the Dungeon.
You worshipped Lugonu.
Lugonu was aware of your devotion.
You visited 1 branch of the dungeon, and saw 2 of its levels.
You visited the Abyss 1 time.

Inventory:

Missiles
 b - 17 sling bullets
 c - 7 poisoned darts
Armour
 a - a +0 robe (worn)
Scrolls
 d - a scroll of fear {unknown}
 e - a scroll of holy word {unknown}
Potions
 f - a potion of curing {unknown}


   Skills:
 - Level 2.4 Fighting
 - Level 1.9 Dodging
 * Level 2.2 Unarmed Combat
 - Level 1.5 Invocations


You couldn't memorise any spells.
You didn't know any spells.
Your spell library contained the following spells:

 Spells                   Type           Power      Damage    Failure   Level
 Slow                     Hex            0%         N/A       54%         2
 Confusing Touch          Hex            0%         N/A       78%         3
 Yara's Violent Unravell  Hex/Tmut       0%         3d3       100%        5


Dungeon Overview and Level Annotations

Branches:
Dungeon (2/15)

Altars:


Innate Abilities, Weirdness & Mutations

You are too large for most types of armour.
You have claws for hands.
Your natural rate of healing is unusually fast.
You are covered in fur. (AC +1)
You have tough skin. (AC +1)


Message History

Found a grey potion.
You pick up a book of Misfortune and begin reading...
You add the spells Slow, Confusing Touch and Yara's Violent Unravelling to your library.
f - a grey potion
Found a dagger.
Found a faded altar of an unknown god.
A bat comes into view.
Found a long sword.
The bat hits you but does no damage. The bat misses you.
You barely miss the bat. The bat closely misses you.
You barely miss the bat. The bat hits you but does no damage.
The bat hits you but does no damage.
You miss the bat. The bat hits you but does no damage.
The bat closely misses you.
You claw the bat!
You kill the bat!
Lugonu accepts your kill.
There is a stone staircase leading down here.
You climb downwards.
There is a stone staircase leading up here.
You open the door.
An iguana and a gnoll come into view.
The iguana hisses angrily.
Found 10 gold pieces.
The iguana bites you.
The gnoll hits you from afar with a +0 spear.
You closely miss the iguana. The iguana bites you.
The gnoll hits you from afar with a +0 spear.
There is a stone staircase leading up here.
The iguana barely misses you. The gnoll barely misses you.
You climb upwards.
There is a stone staircase leading down here.
You barely miss the iguana. The iguana bites you!
* * * LOW HITPOINT WARNING * * *
You barely miss the iguana. The iguana bites you.
* * * LOW HITPOINT WARNING * * *
You scratch the iguana.
The iguana is moderately wounded.
The iguana bites you!
You die...

.........## ...........
.....##### ## ..##...#####
... ...........# #.#
..##....##.# #.# .#
..###.#.##.# ##.## #.#.# ..#
#.#.##.############...# #.#.#
.## #.#.##......@l........#
#.#.# .#
#.#.#####.#########...###.#.#
.# #.#.# #..# ##.###....# .#
##### ###.### #.........# .#
#.#.#.. #..###....# .#
#.#.#.# #..# ##.#.# .#
#.#.#.# #).# #.#.# .#
#.#####.#.#.# #..####.#.#
.#####$......#.#.#
##.........


You could see an iguana.

Vanquished Creatures
  An endoplasm (D:1)
  A bat (D:1)
  A rat (D:1)
3 creatures vanquished.

Notes
Turn   | Place    | Note
-------+----------+-------------------------------------------
     0 | Abyss:1  | nxtlvl the Troll Abyssal Knight began the quest for the
                  | Orb.
     0 | Abyss:1  | Reached XP level 1. HP: 22/22 MP: 1/1
     7 | D:1      | Escaped the Abyss
   147 | D:1      | Found a faded altar of an unknown god.
   195 | D:2      | Noticed an iguana
   208 | D:1      | Slain by an iguana

Illustrated notes

Levels and vault maps discovered:
D:1:      matt_arrival_spirals, layout_loops_ring,
          ebering_ecumenical_altar_sacrificial
D:2:      layout_basic, serial_shops, shop

Action                   || total
-------------------------++-------
Melee: Unarmed           ||    12
 Stab: Sleeping          ||     1
Armor: Robe              ||     4
Dodge: Dodged            ||     6
